AoeStats
← mackexcellence

Lombardia

509822425Analyzed
4v4 RM · 4d ago on Sep 28, 2026· 40m 1s· 8 players
Game mode
Random Map
Map size
Large (8 player)
Population
200
Speed
Normal
Resources
Standard
Victory
Conquest
Starting age
Dark Age
Ending age
Imperial Age
RankedLock teamsTeams togetherTeam positionsShared explorationLock speedFull tech treeHidden civsTurbo modeCheats
Victory
Defeat
🇺🇸 Koreans · United States
975
+2
🇦🇷 Burmese · Argentina
864
+4
🇺🇸 Burgundians · United States
812
+5
🇧🇷 Malians · Brazil
743
+6
🇺🇸 Vikings · United States
638
-7
🇻🇳 Huns · Vietnam
570
-5
🇯🇵 Varangians · Japan
456
-3
🇨🇳 Wei · China
392
-2
mackexcellence
0:31 Loom
13:42 Feudal Age
14:38 Horse Collar
14:47 Double-Bit Axe
25:00 Castle Age
23:46 Arson
27:11 Squires
27:25 Forging
27:15 Scale Mail Armor
27:29 Elite Skirmisher
28:50 Heavy Plow
29:02 Bow Saw
28:45 Gold Mining
28:47 Stone Mining
34:24 Caravan
37:53 Imperial Age
38:17 Fortified Wall
38:05 Murder Holes
37:50 Treadmill Crane
38:21 Masonry
38:31 Ballistics
PremixedHail436
0:29 Loom
18:43 Feudal Age
20:08 Arson
19:48 Man-at-Arms
20:53 Gold Mining
20:54 Double-Bit Axe
21:30 Town Watch
23:12 Bloodlines
23:38 Scale Mail Armor
23:38 Padded Archer Armor
24:42 Wheelbarrow
24:16 Stone Mining
26:02 Horse Collar
26:32 Fletching
32:47 Castle Age
34:47 Heavy Plow
35:00 Bow Saw
35:30 Stone Shaft Mining
34:57 Caravan
34:41 Long Swordsman
36:32 Hand Cart
36:18 Town Patrol
38:02 Squires
37:47 Gambesons
38:20 Husbandry
Elite Savage
phucvaki
2:41 Loom
12:59 Feudal Age
17:18 Castle Age
16:08 Stone Mining
16:09 Gold Mining
16:09 Double-Bit Axe
17:31 Bloodlines
20:33 Husbandry
nathanst1996
8:49 Loom
11:24 Feudal Age
17:56 Wheelbarrow
17:14 Double-Bit Axe
19:02 Hand Cart
19:03 Bow Saw
19:04 Horse Collar
24:36 Castle Age
23:46 Stone Mining
23:50 Gold Mining
24:56 Forging
24:47 Scale Mail Armor
24:52 Scale Barding Armor
25:48 Cavalier
33:05 Husbandry
34:01 Chain Barding Armor
34:24 Iron Casting
39:58 Burgundian Vineyards
uri.nimrod
7:49 Loom
11:00 Feudal Age
14:22 Double-Bit Axe
18:04 Fletching
22:03 Castle Age
22:07 Crossbowman
22:58 Bodkin Arrow
26:36 Wheelbarrow
26:39 Horse Collar
32:40 Hand Cart
32:34 Town Watch
37:41 Imperial Age
35:55 Heavy Plow
38:12 Capped Ram
39:24 Bow Saw
39:21 Bracer
40:00 Arbalester
passoswalli
6:38 Loom
13:35 Feudal Age
17:52 Castle Age
18:18 Double-Bit Axe
27:02 Horse Collar
32:29 Imperial Age
33:19 Bow Saw
33:48 Wheelbarrow
33:44 Forging
33:54 Town Watch
34:55 Farimba
35:03 Scale Barding Armor
35:08 Forging
36:07 Hand Cart
36:52 Chain Barding Armor
36:48 Tigui
38:30 Bloodlines
38:20 Husbandry
39:04 Plate Barding Armor
39:04 Iron Casting
37:57 Light Cavalry
COCO CARP
10:52 Feudal Age
18:40 Castle Age
16:50 Stone Mining
17:01 Horse Collar
20:26 Caravan
29:48 Imperial Age
27:37 Pikeman
28:17 Squires
28:03 Arson
30:08 Heavy Plow
31:21 Wheelbarrow
30:32 Loom
30:32 Town Watch
32:14 Chemistry
31:35 Ballistics
31:12 Murder Holes
33:50 Hand Cart
33:37 Town Patrol
33:22 Halberdier
Connection lost

Rejoining the realm…

Still unreachable

The connection could not be restored.

Session expired

The server has moved on; the page needs a fresh start.